 Dungeon Crawl Stone Soup version 0.29.0-4-gdea44cf6ec (webtiles) character file.

Game seed: 17496546618065673749

20 Godmorgon the Shield-Bearer (level 2, 0/23 HPs)
             Began as a Gnoll Wanderer on Aug 26, 2022.
             Slain by a goblin
             ... wielding a +0 club
              (1 damage)
             ... on level 2 of the Dungeon.
             The game lasted 00:08:14 (1752 turns).

Godmorgon the Shield-Bearer (Gnoll Wanderer)        Turns: 1752, Time: 00:08:14

Health: 0/23       AC:  2    Str:  7    XL:     2   Next: 79%
Magic:  3/5        EV: 11    Int: 14    God:
Gold:   87         SH:  5    Dex: 12    Spells: 5/6 levels left

rFire   . . .      SeeInvis .   a - +0 dagger
rCold   . . .      Faith    .   d - +0 buckler
rNeg    . . .      Spirit   .   c - +0 robe
rPois   .          Reflect  .   (no helmet)
rElec   .          Harm     .   (no cloak)
rCorr   .          Rampage  .   (no gloves)
Will    .....                   (no boots)
Stlth   +.........              (no amulet)
HPRegen 0.07/turn               (no ring)
MPRegen 0.09/turn               (no ring)

@: no status effects
A: fangs 1, strong nose, distributed training
a: no special abilities


You were on level 2 of the Dungeon.
You visited 1 branch of the dungeon, and saw 2 of its levels.

You collected 87 gold pieces.

Inventory:

Hand Weapons
 a - a +0 dagger (weapon)
 i - a +0 mace
 k - a +0 broad axe
Missiles
 h - 3 stones (quivered)
Armour
 c - a +0 robe (worn)
 d - a +0 buckler (worn)
 n - a +0 scale mail
Scrolls
 f - 2 scrolls of identify {unknown}
 j - a scroll of fog {unknown}
 m - a scroll of fear {unknown}
Potions
 b - a potion of berserk rage
 e - 3 potions of brilliance {unknown}
 g - 2 potions of mutation {unknown}
 l - a potion of curing {unknown}


   Skills:
 + Level 2.5 Fighting
 + Level 0.5 Short Blades
 + Level 0.5 Long Blades
 + Level 0.5 Axes
 + Level 0.5 Maces & Flails
 + Level 0.5 Polearms
 + Level 0.5 Staves
 + Level 0.5 Ranged Weapons
 + Level 0.5 Throwing
 + Level 0.5 Armour
 + Level 0.5 Dodging
 + Level 0.5 Stealth
 + Level 6.5 Shields
 + Level 0.5 Unarmed Combat
 + Level 2.7 Spellcasting
 + Level 0.4 Conjurations
 + Level 3.7 Hexes
 + Level 0.4 Summonings
 + Level 0.4 Necromancy
 + Level 0.4 Translocations
 + Level 0.4 Transmutations
 + Level 5.4 Fire Magic
 + Level 0.4 Ice Magic
 + Level 0.4 Air Magic
 + Level 0.4 Earth Magic
 + Level 0.4 Poison Magic
 + Level 0.7 Invocations
 + Level 0.5 Evocations


You had 5 spell levels left.
You knew the following spells:

 Your Spells              Type           Power      Damage    Failure   Level
a - Slow                  Hex            48%        N/A       6%          1

Your spell library contained the following spells:

 Spells                   Type           Power      Damage    Failure   Level
 Scorch                   Fire           34%        2d7       4%          2
 Foxfire                  Conj/Fire      40%        2x1d6     9%          1
 Inner Flame              Hex/Fire       14%        N/A       13%         3
 Summon Small Mammal      Summ           12%        N/A       24%         1
 Blink                    Tloc           6%         N/A       34%         2
 Dazzling Flash           Conj/Hex       14%        N/A       34%         3
 Summon Guardian Golem    Hex/Summ       7%         N/A       34%         3
 Call Canine Familiar     Summ           3%         N/A       56%         3
 Lesser Beckoning         Tloc           3%         N/A       56%         3
 Sticky Flame             Conj/Fire      10%        2d3       63%         4
 Iskenderun's Mystic Bla  Conj/Tloc      3%         2d3       93%         4
 Manifold Assault         Tloc           3%         N/A       100%        5
 Starburst                Conj/Fire      5%         6d4       100%        6


Dungeon Overview and Level Annotations

Branches:
Dungeon (2/15)

Altars:


Innate Abilities, Weirdness & Mutations

You have very sharp teeth.
Your uncanny sense of smell can sniff out nearby items.
Your experience applies equally to all skills.


Message History

You hit the goblin.
The goblin is moderately wounded.
The goblin hits you with a +0 club.
You completely miss the goblin.
The goblin is moderately wounded.
The goblin hits you with a +0 club.
You miss the goblin.
The goblin is moderately wounded.
You block the goblin's attack.
A goblin comes into view. It is wielding a +0 club.
You barely miss the goblin.
The goblin is moderately wounded.
The goblin shouts!
You block the goblin's attack.
You barely miss the goblin.
The goblin is moderately wounded.
The goblin barely misses you.
Casting: Slow (safe; 6% risk of failure)
Confirm with . or Enter, or press ? or * to list all spells.
Aiming: Slow (safe; 6% risk of failure)
Press: ? - help, Shift-Dir - straight line, f/p - goblin
Aim: a goblin, wielding a +0 club (moderately wounded, chance to affect: 68%)
The goblin seems to slow down.
You block the goblin's attack. The goblin barely misses you.
You barely miss the goblin.
The goblin is moderately wounded.
The goblin hits you with a +0 club. The goblin closely misses you.
Casting: Slow (safe; 6% risk of failure)
Confirm with . or Enter, or press ? or * to list all spells.
Aiming: Slow (safe; 6% risk of failure)
Press: ? - help, Shift-Dir - straight line, f - goblin, p - goblin
Aim: a goblin, wielding a +0 club (chance to affect: 68%)
The goblin seems to slow down.
The goblin hits you with a +0 club.
* * * LOW HITPOINT WARNING * * *
You hit the goblin.
The goblin is severely wounded.
The goblin hits you with a +0 club.
* * * LOW HITPOINT WARNING * * *
The goblin hits you with a +0 club.
You die...

#..#######. #.....#
#>....####. #.....#
###.###......
#.....#
#....#.......
#.....#
#....#.#####.
#.....# #......# ##
#.....# #..<.###
#....g####....#
#....@g..#....###
#.....##.#......##.
#.....##...........
##########.........^
#..........
##.........
##........ #...##.
####


You could see 2 goblins.

Vanquished Creatures
  A bat (D:2)
  5 endoplasms
  A giant cockroach (D:1)
  3 kobolds (D:1)
  2 quokkas
  A ball python (D:1)
  5 rats (D:1)
18 creatures vanquished.

Notes
Turn   | Place    | Note
-------+----------+-------------------------------------------
     0 | D:1      | Godmorgon the Gnoll Wanderer began the quest for the Orb.
     0 | D:1      | Godmorgon set off with the following items: a +0 dagger, a
                  | potion of berserk rage, a +0 robe, a +0 buckler; and the
                  | following spells available to memorise: Scorch, Slow,
                  | Foxfire, Inner Flame, Sticky Flame.
     0 | D:1      | Reached XP level 1. HP: 17/17 MP: 4/4
   506 | D:1      | Reached XP level 2. HP: 22/23 MP: 5/5
   541 | D:1      | Learned a level 1 spell: Slow
  1751 | D:2      | HP: 1/23 [goblin/+0 club (3)]
  1752 | D:2      | Slain by a goblin

Illustrated notes

Levels and vault maps discovered:
D:1:      wander_arrival_peaceful_grave, layout_basic
D:2:      layout_rooms, uniq_sigmund

Action                   || total
-------------------------++-------
Melee: Dagger            ||   113
       Bite              ||    10
Throw: Stone             ||     4
 Cast: Slow              ||     2
 Stab: Sleeping          ||     1
Armor: Robe              ||    13
Dodge: Dodged            ||    52
Block: Buckler           ||    18
